 Dungeon Crawl Stone Soup version 0.28.0-45-g0d030f2227 (webtiles) character file.

Game seed: 4207481595371994258

1155 CryoSword the Firebug (level 7, -10/42 (56) HPs)
             Began as a Demigod Fire Elementalist on Apr 10, 2022.
             Mangled by Duvessa
             ... wielding a +7 short sword of draining
              (11 damage)
             ... on level 6 of the Dungeon.
             The game lasted 00:09:14 (7940 turns).

CryoSword the Firebug (Demigod Fire Elementalist)   Turns: 7940, Time: 00:09:15

HP:   -10/42 (56)   AC:  6    Str:  9    XL:     7   Next: 94%
MP:   1/13          EV: 12    Int: 25    God:
Gold: 204           SH:  6    Dex: 20    Spells: 3/10 levels left

rFire   . . .      SeeInvis .   w - +0 whip (venom)
rCold   . . .      Faith    .   c - +0 buckler
rNeg    . . .      Spirit   .   a - +0 robe
rPois   .          Reflect  .   r - +0 helmet
rElec   .          Harm     .   f - +0 cloak
rCorr   .          Rampage  .   e - +1 pair of gloves
Will    .....                   (no boots)
Stlth   +++.......              (no amulet)
HPRegen 0.14/turn               h - +6 ring of dexterity
MPRegen 0.13/turn               (no ring)

@: flying, very heavily drained
A: high MP 1, forlorn, divine attributes
a: no special abilities


You were on level 6 of the Dungeon.
You visited 1 branch of the dungeon, and saw 6 of its levels.

You collected 312 gold pieces.
You spent 108 gold pieces at shops.

Inventory:

Hand Weapons
 w - a +0 whip of venom (weapon)
   (You took it off a gnoll on level 5 of the Dungeon)
Missiles
 n - 4 throwing nets
Armour
 a - a +0 robe (worn)
 c - a +0 buckler (worn)
   (You bought it in a shop on level 1 of the Dungeon)
 e - a +1 pair of gloves (worn)
   (You found it on level 1 of the Dungeon)
 f - a +0 cloak (worn)
   (You bought it in a shop on level 1 of the Dungeon)
 r - a +0 helmet (worn)
   (You took it off Robin on level 4 of the Dungeon)
Jewellery
 h - a +6 ring of dexterity (left hand)
   (You found it on level 1 of the Dungeon)
Scrolls
 g - a scroll of enchant weapon {unknown}
 o - 3 scrolls of teleportation {unknown}
 p - a scroll of identify {unknown}
 q - 4 scrolls of blinking {unknown}
 u - a scroll of brand weapon {unknown}
 v - a scroll of noise {unknown}
Potions
 b - 2 potions of flight
 d - 2 potions of heal wounds {@q2}
 i - a potion of magic {unknown}
 j - 2 potions of curing {unknown}
 k - 2 potions of attraction {unknown}
 l - a potion of degeneration {unknown}
 s - a potion of ambrosia {unknown}
 t - a potion of lignification {unknown}


   Skills:
 + Level 2.6 Fighting
 - Level 2.0 Dodging
 + Level 3.7 Stealth
 * Level 3.9 Shields
 - Level 2.0 Spellcasting
 * Level 4.4 Conjurations
 * Level 5.2 Fire Magic


You had 3 spell levels left.
You knew the following spells:

 Your Spells              Type           Power      Damage    Failure   Level
a - Foxfire               Conj/Fire      100%       2x1d9     1%          1
b - Scorch                Fire           56%        2d7       2%          2
c - Flame Wave            Conj/Fire      26%        2d7       21%         4

Your spell library contained the following spells:

 Spells                   Type           Power      Damage    Failure   Level
 Conjure Flame            Conj/Fire      26%        6-21      6%          3
 Inner Flame              Hex/Fire       15%        N/A       14%         3
 Ozocubu's Armour         Ice            2%         N/A       38%         3
 Tukima's Dance           Hex            2%         N/A       38%         3
 Passage of Golubria      Tloc           2%         N/A       80%         4
 Yara's Violent Unravell  Hex/Tmut       1%         3d3       98%         5
 Ozocubu's Refrigeration  Ice            1%         4d5       100%        7


Dungeon Overview and Level Annotations

Branches:
Dungeon (6/15)
 Temple: D:4-7

Shops:
D:1 [

Annotations:
D:3 2 transporters, hitsuchi's ghost, amateur KoSu
D:6 Dowan; Duvessa


Innate Abilities, Weirdness & Mutations

You have an increased reservoir of magic. (+10% MP)
You shall have no god before yourself.
Your divine heritage dramatically boosts your attributes as you level up.


Message History

There is a stone staircase leading up here.
You climb upwards.
There is a stone staircase leading down here.
You start resting.
You start resting.
You climb downwards.
There is a stone staircase leading up here.
There is a stone staircase leading up here.
A gnoll is nearby!
A gnoll is nearby!
A gnoll is nearby!
A gnoll is nearby!
No reachable target in view!
No reachable target in view!
Found 19 arrows.
You conjure some foxfire!
The gnoll shouts!
You conjure some foxfire!
The foxfire hits the gnoll.
The foxfire hits the gnoll!
Flames lash the gnoll.
You kill the gnoll!
Things that are here:
a +0 whip of venom; a gnoll corpse
w - a +0 whip of venom Your +0 whip of venom begins to drip with poison!
w - a +0 whip of venom (weapon)
You drop a +4 dagger.
You see here 19 arrows.
n - 3 throwing nets (gained 1)
n - 4 throwing nets (gained 1)
You see here a +0 club.
Key pressed, stopping explore.
Could not explore, unopened door.
You open the door.
A water moccasin zombie is nearby!
A water moccasin zombie is nearby!
The helpless water moccasin zombie fails to defend itself.
You hit the water moccasin zombie.
You block the water moccasin zombie's attack.
Flames lash the water moccasin zombie.
The water moccasin zombie's fire resistance burns away.
The water moccasin zombie misses you.
You conjure some foxfire!
The water moccasin zombie barely misses you.
You block the water moccasin zombie's attack.
Flames lash the water moccasin zombie.
The water moccasin zombie is burned terribly!
The foxfire hits the water moccasin zombie!
The water moccasin zombie is burned terribly!
The foxfire hits the water moccasin zombie.
The water moccasin zombie bites you.
You conjure some foxfire!
You block the water moccasin zombie's attack.
Flames lash the water moccasin zombie.
The water moccasin zombie is burned terribly!
The foxfire hits the water moccasin zombie!
The water moccasin zombie is burned terribly!
You destroy the water moccasin zombie!
Done exploring.
Done exploring.
Done exploring.
Done exploring.
No target in view!
There is an open door here.
There is a stone staircase leading down here.
Okay, then.
You climb downwards.
There is a stone staircase leading up here.
A necrophage comes into view.
A necrophage is nearby!
A necrophage is nearby!
A necrophage is nearby!
Found a book of Iron and a robe.
You conjure some foxfire!
Nothing appears to happen.
The foxfire hits the necrophage.
The foxfire hits the necrophage!
You conjure some foxfire!
Flames lash the necrophage.
The necrophage's fire resistance burns away.
You hear a shout!
The foxfire hits the necrophage but does no damage. x2
You conjure some foxfire!
Flames lash the necrophage.
The necrophage is burned terribly!
You destroy the necrophage!
Duvessa, Sister of Dowan comes into view.
She is wielding a +7 short sword of draining.
You conjure some foxfire!
The foxfire hits Duvessa. x2
Nothing appears to happen.
The foxfire hits Duvessa.
You conjure some foxfire!
The foxfire hits Duvessa.
You don't have enough magic to cast this spell.
You conjure some foxfire!
The foxfire hits Duvessa but does no damage. x2
You don't have enough magic to cast this spell.
You hit Duvessa but do no damage.
Duvessa is poisoned.
The foxfire hits Duvessa. x2
Duvessa says, "My weaknesses are his strengths!"
Duvessa hits you with a +7 short sword of draining!
You feel drained.
Dowan, Brother of Duvessa comes into view.
He is wielding a +0 dagger and carrying a wand of polymorph (13).
You block Duvessa's attack.
You hit Duvessa. Duvessa barely misses you.
Dowan points at Duvessa and mumbles some strange words.
Duvessa seems to speed up.
You conjure some foxfire!
Duvessa says, "My weaknesses are his strengths!"
Duvessa hits you with a +7 short sword of draining.
You feel drained.
Duvessa hits you with a +7 short sword of draining!
You feel drained.
You closely miss Duvessa.
The foxfire hits Duvessa but does no damage.
You block Duvessa's attack.
Duvessa looks more healthy.
Dowan casts a spell at you. The puff of frost hits you!
* * * LOW HITPOINT WARNING * * *
Duvessa barely misses you.
Dowan casts a spell.
Dowan blinks!
Duvessa misses you.
Duvessa yells, "You can run, but you cannot escape us forever!"
Duvessa hits you with a +7 short sword of draining!
* * * LOW HITPOINT WARNING * * *
You feel drained.
* * * LOW HITPOINT WARNING * * *
You conjure some foxfire!
You block Duvessa's attack.
You hit Duvessa but do no damage.
Duvessa is poisoned.
The foxfire hits Duvessa.
Duvessa misses you.
Duvessa says, "When magic and the sword combine, nothing stands against them."
You block Duvessa's attack.
Okay, then.
It was a potion of flight.
You feel very buoyant.
You fly up into the air.
Duvessa hits you but does no damage.
You feel drained.
Unknown command.
It was a potion of heal wounds.
You feel much better.
Duvessa hits you with a +7 short sword of draining!
* * * LOW HITPOINT WARNING * * *
You feel drained. Duvessa completely misses you.
You don't have enough magic to cast this spell.
Duvessa hits you with a +7 short sword of draining.
* * * LOW HITPOINT WARNING * * *
You feel drained.
You completely miss Duvessa.
Duvessa hits you with a +7 short sword of draining!
* * * LOW HITPOINT WARNING * * *
You feel drained.
* * * LOW HITPOINT WARNING * * *
Duvessa hits you with a +7 short sword of draining!
You die...

#..e..# #.....+
##########.....#
#.ยง........##.##
#.########.# :#
#e# #.# [ #.# #.#
.# #.###### #.# #
#.ee@.<# #..
######## ###


You could see Duvessa (fast, very poisoned) and Dowan.

Vanquished Creatures
  A black bear (D:5)
  2 necrophages
  An ogre (D:4)
  A centaur (D:5)
  A gnoll sergeant (D:5)
  A scorpion (D:5)
  A water moccasin zombie (D:5)
  A jelly (D:5)
  A centaur skeleton (D:5)
  A bullfrog skeleton (D:4)
  2 orc priests
  4 orc wizards
  A hound skeleton (D:4)
  Robin (D:4)
  A howler monkey skeleton (D:4)
  4 adders
  11 gnolls
  A white imp (D:5)
  An ufetubus (D:5)
  An adder skeleton (D:4)
  2 worms (D:4)
  11 orcs
  5 endoplasms
  2 giant cockroaches
  11 hobgoblins
  2 quokkas
  5 ball pythons
  3 bats
  2 frilled lizards
  11 goblins
  9 kobolds
  13 rats
114 creatures vanquished.

Vanquished Creatures (others)
  279 foxfires
279 creatures vanquished.

Grand Total: 393 creatures vanquished

Notes
Turn   | Place    | Note
-------+----------+-------------------------------------------
     0 | D:1      | CryoSword the Demigod Fire Elementalist began the quest for
                  | the Orb.
     0 | D:1      | Reached XP level 1. HP: 14/14 MP: 5/5
    77 | D:1      | Found Jaastrol's Armour Emporium.
   263 | D:1      | Reached skill level 1 in Conjurations
   971 | D:1      | Reached XP level 2. HP: 20/20 MP: 2/7
  1152 | D:1      | Reached skill level 3 in Fire Magic
  1587 | D:1      | Learned a level 2 spell: Scorch
  2186 | D:2      | Reached XP level 3. HP: 27/27 MP: 3/8
  2801 | D:1      | Bought a +0 buckler for 54 gold pieces
  2801 | D:1      | Bought a +0 cloak for 54 gold pieces
  3309 | D:3      | Reached XP level 4. HP: 34/34 MP: 6/9
  3314 | D:3      | Reached skill level 1 in Fighting
  3511 | D:3      | Found a transporter.
  3511 | D:3      | Noticed hitsuchi's ghost (amateur KoSu)
  3516 | D:3      | Found a transporter.
  3808 | D:3      | Reached skill level 1 in Shields
  3909 | D:3      | Reached XP level 5. HP: 30/40 MP: 0/10
  4418 | D:4      | Noticed Robin
  4418 | D:4      | Noticed an ogre
  4876 | D:4      | Killed Robin
  5122 | D:4      | Reached skill level 4 in Fire Magic
  5122 | D:4      | Reached XP level 6. HP: 47/47 MP: 0/11
  5217 | D:4      | Learned a level 4 spell: Flame Wave
  5860 | D:5      | Entered Level 5 of the Dungeon
  5994 | D:5      | Reached XP level 7. HP: 38/55 MP: 2/13
  7370 | D:5      | Reached skill level 5 in Fire Magic
  7910 | D:6      | Noticed Duvessa
  7915 | D:6      | Noticed Dowan
  7933 | D:6      | HP: 2/48 [Duvessa/+7 short sword of draining (5)]
  7940 | D:6      | HP: 2/43 [Duvessa/+7 short sword of draining (7)]
  7940 | D:6      | Mangled by Duvessa

Illustrated notes

Levels and vault maps discovered:
D:1:      amcnicky_arrival_abandoned_market, layout_basic, serial_shops,
          nicolae_shop_crystal, roderic_roman_lattice, minmay_rat_gold_closets
D:2:      layout_loops_cross, ebering_ecumenical_altar_hall, basic_altar,
          ebering_dispersal_statue_hall
D:3:      layout_basic, gammafunk_ghost_arena
D:4:      layout_basic, elyvilon_altar_5, trog_book, amcnicky_altar_gilded,
          uniq_robin
D:5:      layout_basic, nicolae_uskayaw_murder_on_the_dancefloor,
          serial_co_window_serial, co_window_paths_b,
          co_window_of_opportunity_a, co_window_corner_a, co_window_paths_b,
          co_window_paths_a, co_window_of_opportunity_a, co_window_paths_a,
          co_window_unsneaky_path_b, co_window_corner_cb, co_window_corner_cb,
          co_window_corner_b, co_window_corner_b
D:6:      layout_basic, mainiacjoe_overflow_tiny_flanked,
          minmay_temple_entry_large_hall, uniq_sigmund, uniq_duvessa

Skill      XL: |  1  2  3  4  5  6  7 |
---------------+----------------------+-----
Conjurations   | 1 2 3 4 |  4.4
Stealth        | 2 3 |  3.7
Fire Magic     | 3 4 5 |  5.2
Dodging        | 2 |  2.0
Fighting       | 1 2 |  2.6
Shields        | 1 2 3 |  3.9
Spellcasting   | 2 |  2.0

Action                   |  1- 3 |  4- 6 |  7- 9 || total
-------------------------+-------+-------+-------++-------
Melee: Dagger            |    28 |    17 |       ||    45
       Punch             |     2 |       |       ||     2
       Whip              |       |       |     6 ||     6
 Cast: Foxfire           |    84 |    57 |    28 ||   169
       Scorch            |    14 |    47 |    45 ||   106
  Use: Scroll            |     2 |       |       ||     2
       Potion            |       |       |     2 ||     2
 Stab: Sleeping          |       |     1 |     1 ||     2
Armor: Robe              |     8 |    13 |     4 ||    25
Dodge: Dodged            |    28 |    20 |    21 ||    69
Block: Buckler           |     1 |    12 |    20 ||    33
